 Dungeon Crawl Stone Soup version 0.26-a0-651-gb41185065b (webtiles) character file.

Game seed: 13940321258148618097

67 Lanoc the Vandal (level 4, -3/30 HPs)
             Began as a Halfling Hunter on Oct 10, 2020.
             Killed by nerve-wracking pain
             ... invoked by an orc priest
              (11 damage)
             ... on level 3 of the Dungeon.
             The game lasted 00:02:11 (573 turns).

Lanoc the Vandal (Halfling Hunter)                   Turns: 573, Time: 00:02:12

Health: -3/30      AC:  3    Str: 13    XL:     4   Next: 40%
Magic:  4/4        EV: 15    Int:  9    God:
Gold:   23         SH:  0    Dex: 15    Spells: 3/3 levels left

rFire    . . .     SeeInvis .   a - +1 hunting sling
rCold    . . .     Faith    .   (shield restricted)
rNeg     . . .     Spirit   .   c - +0 leather armour
rPois    .         Reflect  .   (no helmet)
rElec    .         Harm     .   (no cloak)
rCorr    .         Rampage  .   (no gloves)
MR       .....                  (no boots)
Stlth    ++........             (no amulet)
HPRegen  0.10/turn              (no ring)
MPRegen  0.09/turn              (no ring)

@: no status effects
A: small, mutation resistance 1
a: no special abilities


You were on level 3 of the Dungeon.
You visited 1 branch of the dungeon, and saw 3 of its levels.

You collected 23 gold pieces.

Inventory:

Hand Weapons
 a - a +1 hunting sling (weapon)
 b - a +0 short sword
Missiles
 d - 15 sling bullets
 k - 12 stones (quivered)
Armour
 c - a +0 leather armour (worn)
Scrolls
 e - a scroll of remove curse {unknown}
 f - a scroll of amnesia {unknown}
 g - a scroll of magic mapping {unknown}
 h - a scroll of fog {unknown}
Potions
 i - a potion of heal wounds {unknown}
 j - a potion of curing {unknown}


   Skills:
 + Level 2.4 Fighting
 * Level 7.1 Slings
 + Level 3.0 Dodging
 - Level 1.1 Stealth


You had 3 spell levels left.
You didn't know any spells.
Your spell library was empty.

Dungeon Overview and Level Annotations

Branches:
Dungeon (3/15)

Altars:


Innate Abilities, Weirdness & Mutations

You are small and have problems with some larger weapons.
You are somewhat resistant to further mutation.


Message History

An orc priest comes into view. It is wielding a +0 club.
You shoot a stone. The stone barely misses the orc priest.
The stone hits the orc.
The orc is severely wounded.
You shoot a stone. The stone barely misses the orc priest.
The stone hits the orc.
The orc is almost dead.
The orc priest invokes the aid of Beogh against you.
Beogh smites you!
* * * LOW HITPOINT WARNING * * *
You are too injured to fight recklessly!
You are too injured to fight recklessly!
The orc priest calls upon Beogh to heal the orc.
The orc is healed somewhat.
The orc priest calls upon Beogh to heal the orc.
The orc's wounds heal themselves!
There is an escape hatch in the ceiling here.
The orc priest invokes the aid of Beogh against you.
Pain shoots through your body!
You die...

#. #.#)#.##..####.# ....
.##.####.#o..##.#####..
................####.###....
...........##.##..........# ..
....... #................# ...
#^#.#.# ##.o.##.......#.##
##.###.#.#.####o#.##.......#.#
.....#...#.##...#..#.......#.#
.............÷.@)......####...#
...>........#....).#..####..###
............#÷)......#.....###
.......................#####.#
##.........#.......#...).....#
......#.......#............###
............###........[...#
....##.##..# #............#
...##..##..# #.......÷...##


You could see 2 orc priests and an orc.

Vanquished Creatures
  An orc priest (D:3)
  An adder (D:3)
  A white imp (D:3)
  An ufetubus (D:3)
  A worm (D:3)
  4 goblins
  A hobgoblin (D:3)
  2 kobolds (D:3)
  A ball python (D:1)
  A bat (D:3)
  4 rats
18 creatures vanquished.

Notes
Turn   | Place    | Note
-------+----------+-------------------------------------------
     0 | D:1      | Lanoc the Halfling Hunter began the quest for the Orb.
     0 | D:1      | Reached XP level 1. HP: 14/14 MP: 1/1
   146 | D:3      | Reached skill level 6 in Slings
   156 | D:3      | Reached XP level 2. HP: 19/19 MP: 2/2
   177 | D:3      | Reached XP level 3. HP: 13/24 MP: 3/3
   558 | D:3      | Reached skill level 7 in Slings
   558 | D:3      | Reached XP level 4. HP: 30/30 MP: 4/4
   573 | D:3      | Killed from afar by an orc priest

Illustrated notes

Levels and vault maps discovered:
D:1:      onia_arrival_mini_maze, layout_loops_ring, minmay_pentomino_q4
D:2:      layout_loops_corners, nemelex_xobeh_ov_fountains_minmay,
          hangedman_feature_mirror, minmay_misc_feat_x, uniq_natasha,
          uniq_sigmund
D:3:      layout_rooms

Skill      XL: |  1  2  3 |
---------------+----------+-----
Slings         | 6 7 |  7.1
Fighting       | 2 |  2.4
Dodging        | 3 |  3.0
Stealth        | |  1.1

Action                   |  1- 3 |  4- 6 || total
-------------------------+-------+-------++-------
Melee: Short sword       |     4 |       ||     4
 Fire: Hunting sling     |    50 |     7 ||    57
Armor: Leather armour    |     1 |       ||     1
Dodge: Dodged            |    15 |       ||    15

Table legend: (Time is in decaauts)
 A = Elapsed time spent in this place.
 B = Non-inter-level travel time spent in this place.
 C = Inter-level travel time spent in this place.
 D = Time resting spent in this place.
 E = Time spent auto-exploring this place.
 F = Levels seen in this place.
 G = Mean time per level.
                   A        B        C        D        E       F      G
               +--------+--------+--------+--------+--------+-----+--------+
         Total |    565 |    560 |      5 |      0 |    448 |   3 |  188.3 |
       Dungeon |    565 |    560 |      5 |      0 |    448 |   3 |  188.3 |
               +--------+--------+--------+--------+--------+-----+--------+

Top non-repeatable levels by time:
     D:3: 421 daAuts
     D:1: 81 daAuts
     D:2: 61 daAuts
